 Dungeon Crawl Stone Soup version 0.31-a0-1074-g0b22e4e0f1 (webtiles) character file.

Game seed: 4437972481058757993

4147 promet the Trooper (level 10, -1/106 HPs)
             Began as an Octopode Fighter on Nov 27, 2023.
             Was a Follower of Dithmenos.
             Slain by a yak (11 damage)
             ... on level 9 of the Dungeon.
             The game lasted 00:45:56 (12658 turns).

promet the Trooper (Octopode Fighter)              Turns: 12658, Time: 00:45:56

Health: -1/106     AC:  1    Str: 15    XL:     10   Next: 27%
Magic:  10/10      EV: 16    Int: 16    God:    Dithmenos [*.....]
Gold:   68         SH:  5    Dex: 17    Spells: 4/9 levels left

rFire   . . .        y - +1 hand axe (elec)
rCold   . . .        (no shield)
rNeg    . . .        (helmet restricted)
rPois   .            d - amulet of reflection
rElec   .            h - +6 ring of dexterity
rCorr   .            p - ring of flight
SInv    .            (no ring)
Will    .....        (no ring) Stlth
                     (no ring)
HPRegen 0.37/turn    (no ring)
MPRegen 0.12/turn    (no ring)
                     (no ring)

%: reflection
@: mighty, berserking (expiring), flying, hasted, wreathed by umbra, very quick
A: almost no armour, amphibious, 8 rings, camouflage 1, gelatinous body 1,
(nimble swimmer 1), tentacles
a: Renounce Religion


You were on level 9 of the Dungeon.
You worshipped Dithmenos.
Dithmenos was aware of your devotion.
You visited 2 branches of the dungeon, and saw 11 of its levels.

You collected 540 gold pieces.
You spent 472 gold pieces at shops.

Inventory:

Hand Weapons
 a - a +4 great sword
 b - a +2 shortbow of flaming
 c - the +7 dagger of Plog {venom, rC+ Int+3}
   (You bought it in a shop on level 8 of the Dungeon)

   Int+3:     It affects your intelligence (+3).
   rC+:       It protects you from cold.
 e - a +4 trident
 m - a +5 spear
 w - a +0 trident of freezing
 y - a +1 hand axe of electrocution (weapon)
 D - a +0 arbalest
Missiles
 g - 68 stones (quivered)
 r - 5 poisoned darts
 A - 2 throwing nets
Armour
 v - a +1 buckler
Jewellery
 d - an amulet of reflection (around mantle)
 h - a +6 ring of dexterity (left tentacle)
 p - a ring of flight (right tentacle)
Wands
 l - a wand of polymorph (4)
 z - a wand of flame (24)
 C - a wand of mindburst (8)
Scrolls
 t - 4 scrolls of fog
Potions
 f - 3 potions of curing
 i - a potion of haste
 k - a potion of attraction {unknown}
 o - a potion of might
 B - a potion of invisibility {unknown}


   Skills:
 * Level 7.4 Fighting
 + Level 6.7(6.8) Short Blades
 + Level 0.9(4.2) Long Blades
 + Level 1.8 Polearms
 + Level 3.8 Ranged Weapons
 + Level 2.9 Throwing
 + Level 5.4 Dodging
 + Level 7.3 Stealth
 + Level 5.2 Shields
 + Level 4.8 Summonings
 * Level 0.3 Poison Magic
 + Level 0.3 Evocations


You had 4 spell levels left.
You knew the following spells:

 Your Spells              Type           Power      Damage    Failure   Level
a - Call Imp              Summ           30%        N/A       5%          2
b - Mephitic Cloud        Conj/Pois/Air  0%         N/A       58%         3

Your spell library contained the following spells:

 Spells                   Type           Power      Damage    Failure   Level
 Magic Dart               Conj           0%         1d3       26%         1
 Inner Flame              Hex/Fire       0%         N/A       58%         3
 Volatile Blastmotes      Fire/Tloc      0%         2d10      58%         3
 Fulminant Prism          Conj/Hex       0%         3d5       94%         4
 Iskenderun's Mystic Bla  Conj/Tloc      0%         2d3       94%         4
 Yara's Violent Unravell  Hex/Tmut       0%         3d3       100%        5
 Enfeeble                 Hex            0%         N/A       100%        7


Dungeon Overview and Level Annotations

Branches:
Dungeon (10/15)            Temple (1/1) D:6
   Lair: D:8-11         Orc: D:9-12

Altars:
Ashenzari
Cheibriados
Dithmenos
Elyvilon
Fedhas
Hepliaklqana
Kikubaaqudgha
Makhleb
Nemelex Xobeh
Okawaru
Qazlal
Ru
Sif Muna
Trog
Uskayaw
Vehumet
Wu Jian
Xom
Yredelemnul
Zin

Shops:
D:4 *?:   D:5 [   D:8 (((

Annotations:
D:6 1 runed translucent door, Crazy Yiuf
D:7 Jeremiah


Innate Abilities, Weirdness & Mutations

You cannot wear most types of armour.
You are amphibious.
You can wear up to eight rings at the same time.
Your skin changes colour to match your surroundings (Stealth+).
Your rubbery body absorbs attacks. (AC +1, EV +1)
((You are camouflaged when in or above water. (Stealth+)))
You have tentacles for arms and can constrict up to eight enemies at once.


Message History

You hit the yak. You closely miss the kobold. You hit the yak but do no damage.
You feel less confused. The kobold barely misses you. The yak gores you.
You block the yak's attack. The yak gores you but does no damage.
You hit the yak. Your squeeze misses the yak.
The yak is lightly wounded.
You hit the yak. You barely miss the yak. You hit the kobold.
You kill the kobold!
Dithmenos accepts your kill.
The kobold throws a stone.
The stone closely misses you. The yak misses you. You block the yak's attack.
The yak completely misses you.
The kobold shouts!
You hit the yak. You squeeze the yak!
The yak is severely wounded.
You hit the yak. You barely miss something. You hit the yak.
You hear a shout!
Something hits you. The yak barely misses you.
The orc priest calls down the wrath of Beogh upon you.
Beogh smites you!
* * * LOW HITPOINT WARNING * * *
A kobold comes into view. It is wielding a +0 club.
The yak gores you!
* * * LOW HITPOINT WARNING * * *
The kobold throws a stone.
The stone completely misses you. The yak gores you.
* * * LOW HITPOINT WARNING * * *
You slash the yak! You squeeze the yak.
The yak is almost dead.
You hit the yak. You barely miss the yak. You slash something!
You slash the yak! Lightning courses through the yak!
You kill the yak!
Dithmenos accepts your kill.
You barely miss the yak. You slash something!
Lightning courses through something! Dithmenos accepts your kill.
Reactivating autopickup.
You feel a bit more experienced.
You hit the yak.
The centaur shoots an arrow.
The arrow hits you!
* * * LOW HITPOINT WARNING * * *
The yak gores you!
You die...

... ....#....
.........#...#....
#....#...#..$.....
...##............
#...#...........
##...............
###Y{.....#........
#.@†co....##...o...
##)Yz..............
####KK..............#
#...KK..............#
#...........#........#
##..#...K..##.........
######K...#........#.
...............##
.....K......####


You could see 2 yaks, a kobold brigand, a centaur, a wight, an orc priest and 5
kobolds.

Vanquished Creatures
  Pikel (D:6)
  Maggie (D:7)
  A hornet (D:8)
  Prince Ribbit (D:7)
  Sigmund (D:6)
  A yak (D:9)
  A steam dragon (D:7)
  An acid dragon (D:6)
  3 water moccasins
  An orc warrior (D:7)
  2 black bears
  4 ogres
  A centaur (D:6)
  2 phantoms
  A lemure (D:6)
  A kobold brigand (D:7)
  Blork the orc (D:6)
  A bullfrog (D:7)
  2 gnoll sergeants
  6 wights
  A howler monkey (D:5)
  3 hounds
  2 jellies
  2 gnoll boudas
  3 iguanas
  A sleepcap (D:6)
  Natasha (twice) (D:2)
  6 orc wizards
  5 adders
  18 gnolls
  A shadow imp (D:6)
  A white imp (D:7)
  A worm (D:3)
  2 dart slugs (D:1)
  14 orcs
  5 ball pythons
  5 endoplasms
  A giant cockroach (D:4)
  3 goblins
  10 hobgoblins
  16 kobolds
  2 quokkas
  4 bats
  4 frilled lizards
  4 rats
149 creatures vanquished.

Notes
Turn   | Place    | Note
-------+----------+-------------------------------------------
     0 | D:1      | promet the Octopode Fighter began the quest for the Orb.
     0 | D:1      | Reached XP level 1. HP: 16/16 MP: 1/1
    51 | D:1      | Reached XP level 2. HP: 8/21 MP: 2/2
   601 | D:1      | Reached XP level 3. HP: 25/26 MP: 3/3
  1576 | D:2      | Noticed Natasha
  1582 | D:2      | Killed Natasha
  1583 | D:2      | Reached skill level 1 in Stealth
  1583 | D:2      | Reached XP level 4. HP: 28/33 MP: 4/4
  2064 | D:2      | Noticed Natasha
  2079 | D:2      | Killed Natasha
  2177 | D:3      | Reached XP level 5. HP: 33/37 MP: 5/5
  3123 | D:4      | Found Kiluemawou's Book Shoppe.
  3139 | D:4      | Found Kuihobli's Magic Scroll Shop.
  3163 | D:4      | Noticed an ogre
  3164 | D:4      | Noticed a black bear
  3190 | D:4      | Killed an ogre
  3191 | D:4      | Reached XP level 6. HP: 43/43 MP: 6/6
  3225 | D:4      | Found Qetugg's General Store.
  3241 | D:4      | Killed a black bear
  3525 | D:3      | Reached XP level 7. HP: 41/49 MP: 7/7
  4168 | D:5      | Entered Level 5 of the Dungeon
  4508 | D:5      | Reached skill level 1 in Throwing
  5041 | D:5      | Reached skill level 5 in Fighting
  5300 | D:5      | Reached skill level 5 in Stealth
  5334 | D:5      | Reached skill level 5 in Short Blades
  5595 | D:5      | Reached XP level 8. HP: 55/55 MP: 8/8
  5660 | D:5      | Found Ysim's Armour Boutique.
  5726 | D:4      | Bought a book of Minor Magic for 252 gold pieces
  5729 | D:4      | Learned a level 2 spell: Call Imp
  6526 | D:6      | Found a staircase to the Ecumenical Temple.
  6539 | Temple   | Entered the Ecumenical Temple
  6566 | Temple   | Became a worshipper of Dithmenos the Shadowed
  6689 | D:6      | Reached skill level 1 in Summonings
  6695 | D:6      | Noticed Blork the orc
  6702 | D:6      | Killed Blork the orc
  7490 | D:6      | Noticed Pikel
  7655 | D:6      | Noticed Sigmund
  7686 | D:6      | Killed Sigmund
  7687 | D:6      | Reached XP level 9. HP: 44/62 MP: 9/9
  7790 | D:6      | Found a runed translucent door.
  7791 | D:6      | Noticed Crazy Yiuf
  7864 | D:6      | Killed Pikel
  7865 | D:6      | Reached skill level 1 in Ranged Weapons
  7865 | D:6      | Reached skill level 5 in Shields
  8357 | D:7      | Noticed Jeremiah
  8906 | D:7      | Noticed Maggie
  8917 | D:7      | Killed Maggie
  8918 | D:7      | Reached skill level 1 in Polearms
  8918 | D:7      | Reached skill level 5 in Dodging
  9489 | D:7      | Found a snail-covered altar of Cheibriados.
  9500 | D:7      | Found a sparkling altar of Nemelex Xobeh.
  9506 | D:7      | Found a hazy altar of Hepliaklqana.
  9509 | D:7      | Found a sacrificial altar of Ru.
  9525 | D:7      | Found a shimmering altar of Xom.
  9637 | D:7      | Reached XP level 10. HP: 71/71 MP: 10/10
 10147 | D:7      | Noticed Prince Ribbit
 10378 | D:7      | Killed Prince Ribbit
 11387 | D:8      | Found Deoxejor's Antique Weapon Shop.
 11426 | D:8      | Reached * piety under Dithmenos
 11721 | D:8      | Found Heter's Antique Weapon Boutique.
 11733 | D:8      | Bought a warped dagger for 175 gold pieces
 11733 | D:8      | Identified the +7 dagger of Plog {venom, rC+ Int+3} (You
                  | bought it in a shop on level 8 of the Dungeon)
 11743 | D:8      | Learned a level 3 spell: Mephitic Cloud
 11888 | D:8      | Found Uhuth's Weapon Shoppe.
 11927 | D:8      | Bought a +0 arbalest for 45 gold pieces
 12601 | D:8      | You are sucked into a shaft and drop 2 floors!
 12601 | D:10     | Entered Level 10 of the Dungeon
 12658 | D:9      | Slain by a yak

Illustrated notes

Levels and vault maps discovered:
D:1:      roadster_arrival_rocket_small, layout_basic, bh_walls_and_bars
D:2:      layout_loops_ring, serial_bayou_lagoon_a,
          hangedman_decor_clover_reticule, uniq_natasha
D:3:      layout_rooms, minmay_misc_feat_cross, grunt_decor_cap,
          corexii_corridor_pit, minmay_close_crescents
D:4:      layout_rooms, serial_shops, shop, nicolae_shop_just_a_little_nook,
          nicolae_shop_stone
D:5:      layout_layer_cave, serial_shops, shop, corexii_item_surrounded_by_moat
D:6:      layout_basic, minmay_temple_entry_junction, sigmund_army, uniq_pikel,
          uniq_blork_the_orc, uniq_crazy_yiuf_cottage
D:7:      layout_basic, nicolae_overflow_hallway_of_the_gods, enter_bailey_8,
          roderic_three_in_a_row, columned_hall_lemuel, uniq_prince_ribbit1,
          uniq_maggie, uniq_jeremiah
D:8:      layout_loops_ring, serial_shops, shop, nicolae_shop_back_alley_shop,
          shop, nicolae_shop_hallway_plus
D:9:      layout_cave_pools, minivault_8
D:10:     layout_basic, tso_metal_star, nicolae_overflow_hidden_temple,
          hiddenorc2_lemuel, serial_shops, nicolae_shop_statue_plus,
          kennysheep_generic_room_6, uniq_joseph
Temple:   nicolae_temple_bog_church

Skill      XL: |  1  2  3  4  5  6  7  8  9 10 |
---------------+-------------------------------+-----
Stealth        | 1 3 5 6 7 |  7.3
Short Blades   | 3 4 5 6 |  6.7
Fighting       | 4 5 6 7 |  7.4
Throwing       | 1 2 |  2.9
Dodging        | 4 5 |  5.4
Shields        | 4 5 |  5.2
Summonings     | 2 4 |  4.8
Ranged Weapons | 2 3 |  3.8
Polearms       | 1 |  1.8
Long Blades    | |  0.9
Poison Magic   | |  0.3
Evocations     | |  0.3

Action                     |  1- 3 |  4- 6 |  7- 9 | 10-12 || total
---------------------------+-------+-------+-------+-------++-------
  Melee: Rapier            |    70 |    60 |   166 |     1 ||   297
         Constrict         |    21 |    15 |    36 |    10 ||    82
         Tentacles         |    15 |    12 |    51 |     9 ||    87
         Punch             |       |     1 |     3 |       ||     4
         Halberd           |       |       |    17 |       ||    17
         Long sword        |       |       |     1 |    21 ||    22
         Great sword       |       |       |       |     5 ||     5
         Hand axe          |       |       |       |     5 ||     5
         Spear             |       |       |       |     3 ||     3
         Dagger            |       |       |       |     2 ||     2
   Fire: Shortbow          |       |       |    28 |    57 ||    85
  Throw: Dart              |       |    11 |    15 |     5 ||    31
         Stone             |       |       |     1 |       ||     1
   Cast: Call Imp          |       |       |       |     2 ||     2
  Evoke: Wand              |       |       |       |     3 ||     3
    Use: Scroll            |       |     4 |     7 |     5 ||    16
         Potion            |       |     1 |     4 |     3 ||     8
   Stab: Sleeping          |     2 |     4 |     9 |     1 ||    16
         Distracted        |       |       |     1 |       ||     1
 Armour: Skin              |    17 |    20 |    52 |    43 ||   132
  Dodge: Dodged            |    22 |    20 |    62 |    55 ||   159
  Block: Buckler           |    27 |    17 |    25 |       ||    69
         Reflection        |     1 |       |     4 |     1 ||     6
         Other             |       |       |    19 |    11 ||    30

Table legend: (Time is in decaauts)
 A = Elapsed time spent in this place.
 B = Non-inter-level travel time spent in this place.
 C = Inter-level travel time spent in this place.
 D = Time resting spent in this place.
 E = Time spent auto-exploring this place.
 F = Levels seen in this place.
 G = Mean time per level.
                   A        B        C        D        E       F      G
               +--------+--------+--------+--------+--------+-----+--------+
         Total |  12679 |  12341 |    338 |   5322 |   2859 |  11 | 1152.6 |
       Dungeon |  12616 |  12278 |    338 |   5322 |   2859 |  10 | 1261.6 |
        Temple |     62 |     62 |      0 |      0 |      0 |   1 |   62.0 |
               +--------+--------+--------+--------+--------+-----+--------+

Top non-repeatable levels by time:
     D:7: 2730 daAuts
     D:5: 2030 daAuts
     D:6: 2016 daAuts
     D:8: 1487 daAuts
     D:3: 1182 daAuts
     D:1: 1097 daAuts
     D:4: 1009 daAuts
     D:2: 1008 daAuts
  Temple: 62 daAuts
    D:10: 33 daAuts
     D:9: 20 daAuts
